 Dungeon Sprint DCSS version 0.21.1-1-g345015f (webtiles) character file.

7000000 Fang the Axe Maniac (level 27, -43/273 HPs)
             Began as a Minotaur Gladiator on May 7, 2018.
             Was the Champion of Makhleb.
             Annihilated by a meat berserker
             ... wielding a +9 battleaxe
              (67 damage)
             ... in the Dungeon (Sprint VIII: "Arena of Blood").
             The game lasted 00:00:45 (70 turns).

Fang the Axe Maniac (Minotaur Gladiator)              Turns: 70, Time: 00:00:46

Health: -43/273    AC:  6    Str: 29    XL:     27
Magic:  28/53      EV: 32    Int:  5    God:    Makhleb [******]
Gold:   0          SH:  0    Dex: 15    Spells: 80/80 levels left

rFire    . . .     SeeInvis .   l - +โˆž Axe of Woe
rCold    . . .     Gourm    .   (shield currently unavailable)
rNeg     . . .     Faith    .   b - +0 leather armour
rPois    .         Spirit   .   c - +0 hat
rElec    .         Reflect  .   (no cloak)
rCorr    .         Harm     .   (no gloves)
MR       ++...     NoTele   +   (no boots)
Stlth    +++++++++.             (no amulet)
HPRegen  0.55/turn              (no ring)
MPRegen  0.33/turn              (no ring)

@: no status effects
A: retaliatory headbutt, horns 2
a: Minor Destruction, Lesser Servant of Makhleb, Major Destruction, Greater
Servant of Makhleb, Renounce Religion


You were in the Dungeon.
You worshipped Makhleb.
Makhleb was exalted by your worship.
You were not hungry.

You visited 1 branch

Inventory:

Hand Weapons
 a - a +0 war axe
 l - the +โˆž Axe of Woe (weapon)
   (You found it in the Dungeon)
Missiles
 d - 3 throwing nets (quivered)
Armour
 b - a +0 leather armour (worn)
 c - a +0 hat (worn)
Scrolls
 k - a scroll of blinking
Potions
 e - a potion of curing
 g - a potion of heal wounds
 h - a potion of haste
 i - 2 potions of magic
 j - a potion of berserk rage
Comestibles
 f - a ration


   Skills:
 O Level 27 Fighting
 O Level 27 Axes
 O Level 27 Throwing
 O Level 27 Armour
 O Level 27 Dodging
 O Level 27 Stealth
 O Level 27 Unarmed Combat
 O Level 27 Spellcasting
 O Level 27 Invocations


You had 80 spell levels left.
You didn't know any spells.

Dungeon Overview and Level Annotations

Branches:
Dungeon (1/1)

Altars:
Makhleb


Innate Abilities, Weirdness & Mutations

You reflexively headbutt those who attack you in melee.
You have a pair of horns on your head.


Message History

A bag of meat comes into view. It is wielding a +9 war axe.
The bag of meat shouts! 2 orcs come into view.
You hit the dread but do no damage.
You pulverise the dread into a thin bloody mist.
You destroy the dread!
Makhleb accepts your kill.
You hear a shout! x2
The accursed points at you and mumbles some strange words.
Something smites you!
* * * LOW HITPOINT WARNING * * *
The dread throws damnation at you.
The sphere of damnation explodes!
The damnation engulfs you!
* * * LOW HITPOINT WARNING * * *
You hear a shout! x3 2 orcs, an ogre and a lich come into view.
The tyrant shouts!
You hear a shout! x3
The meat berserker rages.
The meat berserker hits you with a +9 battleaxe!!!
You die...

.L.o...... ...
#.ooo.... .........
.#ooo.... #.......#
oOo.#.... #.......#
.#..o...###.......###.
........M....###.L....
.....#.O......_......
..#...@)))#.....#
#.W%...W)).#_.<._#
...#O...)))#.))..#.
.....#V..)))).ยง......
.........))))###......
O.......###)).....###.
......... #)).....#
......... #.......#
#...... .........


You could see an accursed, a tyrant, a destroyer, 2 dreads, 4 meat berserkers
and 10 bags of meat.

Vanquished Creatures
  2 hell beasts (D)
  A greater mummy (D)
  A wraith (D)
  9 vampire knights (D)
  17 ogres (D)
  2 two-headed ogres (D)
  A lich (D)
  40 orcs (D)
  4 skeletal warriors (D)
  A large abomination (D)
  6 small abominations (D)
  2 crawling corpses (D)
86 creatures vanquished.

Vanquished Creatures (others)
  2 crawling corpses (D)
2 creatures vanquished.

Grand Total: 88 creatures vanquished

Notes
Turn   | Place    | Note
-------+----------+-------------------------------------------
     0 | D        | Found the +โˆž Axe of Woe
     0 | D        | Fang the Minotaur Gladiator began the quest for the Orb.
     0 | D        | Reached XP level 1. HP: 18/18 MP: 0/0
     3 | D        | Noticed a bag of meat
     4 | D        | Became a worshipper of Makhleb the Destroyer
     5 | D        | Noticed a bag of meat
     7 | D        | Noticed a meat berserker
     8 | D        | Killed a meat berserker
     8 | D        | Reached XP level 2. HP: 47/47 MP: 1/1
     8 | D        | Reached XP level 3. HP: 53/53 MP: 2/2
     8 | D        | Reached XP level 4. HP: 61/61 MP: 3/3
     8 | D        | Reached XP level 5. HP: 68/68 MP: 4/4
     8 | D        | Reached XP level 6. HP: 75/75 MP: 5/5
     8 | D        | Reached XP level 7. HP: 82/82 MP: 6/6
     8 | D        | Reached XP level 8. HP: 90/90 MP: 7/7
     8 | D        | Reached XP level 9. HP: 96/96 MP: 8/8
     8 | D        | Reached XP level 10. HP: 104/104 MP: 9/9
     8 | D        | Reached XP level 11. HP: 111/111 MP: 10/10
     8 | D        | Reached XP level 12. HP: 118/118 MP: 11/11
     8 | D        | Reached XP level 13. HP: 125/125 MP: 12/12
     9 | D        | Noticed a bag of meat
     9 | D        | Noticed a meat berserker
     9 | D        | Noticed a meat berserker
     9 | D        | Noticed a meat berserker
    10 | D        | Noticed a bag of meat
    10 | D        | Killed a bag of meat
    10 | D        | Reached * piety under Makhleb
    10 | D        | Reached skill level 15 in Fighting
    11 | D        | Noticed a bag of meat
    11 | D        | Noticed a bag of meat
    11 | D        | Killed a meat berserker
    11 | D        | Reached skill level 27 in Axes
    11 | D        | Reached XP level 14. HP: 118/144 MP: 13/13
    12 | D        | Noticed a bag of meat
    12 | D        | Killed a meat berserker
    12 | D        | Reached skill level 27 in Dodging
    12 | D        | Reached XP level 15. HP: 137/166 MP: 14/14
    12 | D        | Killed a meat berserker
    12 | D        | Reached ** piety under Makhleb
    12 | D        | Reached skill level 27 in Fighting
    12 | D        | Reached XP level 16. HP: 151/183 MP: 15/15
    14 | D        | Reached skill level 5 in Armour
    14 | D        | Reached *** piety under Makhleb
    14 | D        | Reached skill level 27 in Throwing
    14 | D        | Reached XP level 17. HP: 186/191 MP: 16/16
    15 | D        | Noticed a meat berserker
    17 | D        | Noticed a meat berserker
    18 | D        | Noticed a meat berserker
    19 | D        | Reached **** piety under Makhleb
    19 | D        | Reached skill level 27 in Armour
    19 | D        | Reached skill level 10 in Unarmed Combat
    19 | D        | Reached skill level 10 in Invocations
    19 | D        | Reached XP level 18. HP: 200/200 MP: 16/27
    21 | D        | Noticed a destroyer
    21 | D        | Noticed a meat berserker
    22 | D        | Killed a meat berserker
    22 | D        | Reached skill level 15 in Invocations
    22 | D        | Reached ***** piety under Makhleb
    22 | D        | Reached skill level 15 in Stealth
    22 | D        | Reached XP level 19. HP: 207/207 MP: 16/34
    24 | D        | Killed a meat berserker
    24 | D        | Reached skill level 15 in Spellcasting
    25 | D        | Killed a meat berserker
    25 | D        | Reached XP level 20. HP: 216/216 MP: 17/40
    27 | D        | Noticed a meat berserker
    27 | D        | Noticed a large bag of meat
    27 | D        | Killed a meat berserker
    27 | D        | Reached ****** piety under Makhleb
    27 | D        | Reached skill level 27 in Unarmed Combat
    27 | D        | Reached XP level 21. HP: 224/224 MP: 17/43
    28 | D        | Reached skill level 27 in Invocations
    29 | D        | Reached skill level 27 in Stealth
    30 | D        | Noticed a destroyer
    30 | D        | Noticed a destroyer
    30 | D        | Killed a destroyer
    30 | D        | Reached skill level 27 in Spellcasting
    30 | D        | Reached XP level 22. HP: 233/233 MP: 17/52
    33 | D        | Noticed a destroyer
    33 | D        | Killed a destroyer
    34 | D        | Noticed a large bag of meat
    34 | D        | Reached XP level 23. HP: 240/240 MP: 18/53
    35 | D        | Noticed a destroyer
    36 | D        | Killed a large bag of meat
    36 | D        | Killed a destroyer
    36 | D        | Reached XP level 24. HP: 249/249 MP: 19/53
    37 | D        | Noticed a destroyer
    39 | D        | Killed a destroyer
    39 | D        | Killed a destroyer
    39 | D        | Reached XP level 25. HP: 257/257 MP: 20/53
    41 | D        | Noticed a destroyer
    41 | D        | Killed a large bag of meat
    44 | D        | Noticed a destroyer
    44 | D        | Noticed a destroyer
    45 | D        | Killed a destroyer
    45 | D        | Reached XP level 26. HP: 266/266 MP: 21/53
    46 | D        | Killed a destroyer
    46 | D        | Noticed a tyrant
    51 | D        | Reached XP level 27. HP: 273/273 MP: 23/53
    53 | D        | Killed a destroyer
    57 | D        | Noticed an accursed
    57 | D        | Killed a destroyer
    58 | D        | Noticed an accursed
    60 | D        | Killed a tyrant
    61 | D        | Noticed a meat beast
    61 | D        | Killed a meat beast
    62 | D        | Noticed a destroyer
    62 | D        | Killed an accursed
    63 | D        | Noticed a dread
    66 | D        | Noticed a meat beast
    68 | D        | Noticed a dread
    68 | D        | Noticed a dread
    68 | D        | Killed a meat beast
    69 | D        | Killed a dread
    70 | D        | Noticed a tyrant
    70 | D        | Annihilated by a meat berserker

Skill      XL: |  1  2  3  4  5  6  7  8  9 10 11 12 13 14 15 16 17 18 19 20 21 |
---------------+----------------------------------------------------------------+-----
Fighting       | 14 18 23 27 | 27.0
Axes           | 23 27 | 27.0
Throwing       | 11 14 17 22 27 | 27.0
Dodging        | 21 26 27 | 27.0
Armour         | 17 27 | 27.0
Stealth        | 9 15 21 24 27 | 27.0
Unarmed Combat | 10 18 24 27 | 27.0
Spellcasting   | 7 12 17 19 27 | 27.0
Invocations    | 10 16 22 26 27 | 27.0

Action                   |  1- 3 |  4- 6 |  7- 9 | 10-12 | 13-15 | 16-18 | 19-21 | 22-24 | 25-27 || total
-------------------------+-------+-------+-------+-------+-------+-------+-------+-------+-------++-------
Melee: Executioner's axe |     1 |       |       |       |     3 |     6 |     8 |     8 |    25 ||    51
 Stab: Distracted        |       |       |       |       |       |       |       |       |     1 ||     1
Dodge: Dodged            |       |       |       |       |       |       |     1 |       |     1 ||     2
